 Dungeon Crawl Stone Soup version 0.21.1-1-g345015f (webtiles) character file.

1068 shakethe the Chopper (level 8, 0/62 HPs)
             Began as a Demonspawn Gladiator on Feb 24, 2018.
             Succumbed to a killer bee's poison
             ... on level 5 of the Dungeon.
             The game lasted 00:13:10 (5819 turns).

shakethe the Chopper (Demonspawn Gladiator)         Turns: 5819, Time: 00:13:11

Health: 0/62       AC: 16    Str: 14    XL:     8   Next: 7%
Magic:  8/8        EV: 14    Int: 12    God:
Gold:   231        SH:  6    Dex: 15    Spells: 7/7 levels left

rFire    . . .     SeeInvis .   a - +0 war axe
rCold    + . .     Gourm    .   (no shield)
rNeg     . . .     Faith    .   b - +0 leather armour
rPois    .         Spirit   .   c - +0 helmet
rElec    .         Reflect  +   j - +0 cloak
rCorr    .         Harm     .   k - +0 pair of gloves
MR       +....                  q - -1 pair of boots (curse)
Stlth    +.........             e - +6 amulet of reflection
HPRegen  1.20/turn              n - ring of protection from magic {MR+, !d}
MPRegen  0.11/turn              (no ring)

@: lethally poisoned (0 -> -2)
A: hooves 1, cold resistance 1, icemail, powered by death 2, freezing cloud
immunity
a: no special abilities


You were on level 5 of the Dungeon.
You were not hungry.

You visited 1 branch of the dungeon, and saw 5 of its levels.

You collected 231 gold pieces.

Inventory:

Hand Weapons
 a - a +0 war axe (weapon)
Missiles
 d - 3 throwing nets (quivered) {=f, !d}
 i - 74 stones
Armour
 b - a +0 leather armour (worn)
 c - a +0 helmet (worn)
 j - a +0 cloak (worn)
   (You found it on level 1 of the Dungeon)
 k - a +0 pair of gloves (worn)
   (You found it on level 2 of the Dungeon)
 q - a cursed -1 pair of boots (worn)
   (You found it on level 3 of the Dungeon)
Jewellery
 e - a +6 amulet of reflection (around neck)
   (You found it on level 4 of the Dungeon)
 n - a ring of protection from magic (left hand) {MR+, !d}
   (You found it on level 3 of the Dungeon)
 o - an uncursed amulet of magic regeneration
   (You found it on level 3 of the Dungeon)
 s - an uncursed ring of flight {unknown}
   (You found it on level 5 of the Dungeon)
Scrolls
 h - a scroll of identify
 l - a scroll of enchant weapon
Potions
 g - a potion of flight
 p - 2 potions of degeneration {!q}
Comestibles
 f - 6 rations


   Skills:
 + Level 5.0 Fighting
 * Level 6.6 Axes
 - Level 2.0 Throwing
 + Level 5.0 Dodging


You had 7 spell levels left.
You didn't know any spells.

Dungeon Overview and Level Annotations

Branches:
Dungeon (5/15)
 Temple: D:4-7

Altars:
Dithmenos
Fedhas
Gozag
Nemelex Xobeh
Zin
The Shining One

Annotations:
D:3 kaesh's ghost, amateur MiFi


Innate Abilities, Weirdness & Mutations

You have large cloven feet.
Your flesh is cold resistant. (rC+)
A meltable icy envelope protects you from harm. (AC +10)
You regenerate health from kills.
You are immune to freezing clouds.


Message History

You feel sick.
You take 1 damage, and have 2/55 hp.
You start resting.
You recover from your berserk rage.
You start resting.
You feel sick.
You are no longer poisoned.
You take 1 damage, and have 2/55 hp.
You start resting.
You are near starving!
You regained 9 hp, and now have 11/55 hp.
You start resting.
You are starving!
You regained 32 hp, and now have 43/55 hp.
You eat one of the 6 rations.
That ration really hit the spot!
You start resting.
Health restored: 55 You open the door.
There is an open door here.
You open the door.
There is an open door here.
f - 6 rations (gained 1)
The killer bee buzzes angrily.
You slash the killer bee! You block the killer bee's attack. x2
You hit the killer bee. The killer bee barely misses you.
The killer bee stings you but does no damage.
The killer bee closely misses you.
You slash the killer bee!
You kill the killer bee!
A killer bee comes into view.
Aim: a killer bee (hasn't noticed you)
You throw a throwing net {=f, !d}.
The throwing net {=f, !d} closely misses the killer bee.
The killer bee buzzes angrily.
The killer bee misses you. You block the killer bee's attack.
The killer bee stings you.
You are poisoned.
The killer bee poisons you! The killer bee stings you.
You take 10 damage, and have 45/55 hp.
You closely miss the killer bee.
You feel sick. The killer bee stings you. You block the killer bee's attack.
You take 3 damage, and have 42/55 hp.
You hit the killer bee.
You feel sick. The killer bee misses you. The killer bee closely misses you.
The killer bee stings you.
You take 4 damage, and have 38/55 hp.
You slash the killer bee! The killer bee barely misses you.
The killer bee stings you.
You take 5 damage, and have 33/55 hp.
You barely miss the killer bee.
You feel sick.
The killer bee stings you but does no damage.
You block the killer bee's attack.
You take 1 damage, and have 32/55 hp.
The killer bee stings you.
You are more poisoned.
The killer bee poisons you!
You take 4 damage, and have 28/55 hp.
You closely miss the killer bee.
You feel sick. The killer bee stings you.
You are more poisoned.
The killer bee poisons you! The killer bee closely misses you.
The killer bee completely misses you.
You take 5 damage, and have 23/55 hp.
You hit the killer bee.
You feel sick. The killer bee stings you. x2
* * * LOW HITPOINT WARNING * * *
You are lethally poisoned!
The killer bee poisons you!
You take 8 damage, and have 15/55 hp.
You barely miss the killer bee.
* * * LOW HITPOINT WARNING * * *
You feel very sick. The killer bee barely misses you. x2
You take 3 damage, and have 12/55 hp.
Unknown command.
You barely miss the killer bee.
* * * LOW HITPOINT WARNING * * *
You feel sick. The killer bee misses you. The killer bee stings you.
* * * LOW HITPOINT WARNING * * *
You are more poisoned.
The killer bee poisons you! The killer bee misses you.
You take 8 damage, and have 4/55 hp.
You slash the killer bee!
* * * LOW HITPOINT WARNING * * *
You feel sick. You block the killer bee's attack.
The killer bee stings you but does no damage.
You take 2 damage, and have 2/55 hp.
You slash the killer bee!
You kill the killer bee!
Your Dodging skill increases to level 5!
You have reached level 8!
You feel agile.
Your demonic ancestry asserts itself...
An icy envelope takes form around you.
* * * LOW HITPOINT WARNING * * *
You feel very sick. The killer bee barely misses you.
The killer bee misses you.
You slash the killer bee!
You kill the killer bee!
Your Fighting skill increases to level 5!
* * * LOW HITPOINT WARNING * * *
You feel sick.
You take 1 damage, and have 1/62 hp.
MP restored: 8 You die...

#.##........##.###.##...#*******
##'########.###.# #.......,,*
#...## #.# #.###.....,,,,*
.....## #.###..##...,,,,,,* #
......#* #..###.##.#*,,,#,** *#
.......####.........##....,,***#.
.......+...................,,,,+.
.......####...##†###.##....,***#.
......## ##.###@# #.#***##** ##
.....## #.###.# #.# #...##
#.#...###.# *#+## #.#.###...##
***** *.# #.#.##.###.### *,,,**
#.# #.#.#..#.#...# *,,,+,
##.#####** #.....#^⌠.#..# *,,,**
........,* ###.#..#.#...# ******
.....#**,****#.##.###.#.#


There were no monsters in sight!

Vanquished Creatures
  A sky beast (D:4)
  An ogre (D:4)
  Blork the orc (D:4)
  A water moccasin zombie (D:3)
  A scorpion (D:5)
  6 killer bees (D:5)
  A crimson imp (D:5)
  An orc wizard (D:4)
  An orc priest (D:3)
  A jelly (D:5)
  A worker ant (D:5)
  15 gnolls
  3 adders
  2 shadow imps
  3 worms (D:2)
  A dart slug (D:1)
  8 leopard geckos
  12 orcs
  12 bats
  3 giant cockroaches
  10 goblins
  3 hobgoblins
  4 jackals (D:3)
  A quokka (D:3)
  A ball python (D:3)
  5 frilled lizards
  7 kobolds
  A leopard gecko skeleton (D:4)
  A quokka zombie (D:3)
  11 rats
119 creatures vanquished.

Notes
Turn   | Place    | Note
-------+----------+-------------------------------------------
     0 | D:1      | shakethe the Demonspawn Gladiator began the quest for the Orb.
     0 | D:1      | Reached XP level 1. HP: 16/16 MP: 1/1
   237 | D:1      | Reached skill level 2 in Throwing
   243 | D:1      | Gained mutation: You regenerate a little health from kills. [demonic ancestry]
   243 | D:1      | Reached XP level 2. HP: 19/22 MP: 2/2
   321 | D:1      | Reached skill level 3 in Axes
   732 | D:1      | Reached skill level 3 in Dodging
   823 | D:2      | Gained mutation: Your flesh is cold resistant. (rC+) [demonic ancestry]
   823 | D:2      | Reached XP level 3. HP: 27/28 MP: 3/3
  1022 | D:2      | Gained mutation: You regenerate health from kills. [demonic ancestry]
  1022 | D:2      | Reached XP level 4. HP: 15/34 MP: 4/4
  1506 | D:1      | Reached skill level 3 in Fighting
  1713 | D:2      | Reached skill level 4 in Axes
  1717 | D:2      | Gained mutation: You are immune to freezing clouds. [demonic ancestry]
  1717 | D:2      | Reached XP level 5. HP: 37/41 MP: 5/5
  2046 | D:3      | Noticed kaesh's ghost (amateur MiFi)
  2080 | D:3      | Found a blossoming altar of Fedhas.
  2376 | D:3      | Reached XP level 6. HP: 47/47 MP: 6/6
  2447 | D:3      | Found a glowing golden altar of the Shining One.
  2936 | D:4      | HP: 6/47 [gnoll/flail of protection (10)]
  3270 | D:4      | Reached skill level 4 in Dodging
  3309 | D:4      | Reached skill level 5 in Axes
  3460 | D:4      | You fall through a shaft!
  3460 | D:5      | Entered Level 5 of the Dungeon
  3460 | D:5      | Noticed an ice beast
  3509 | D:5      | HP: 12/48 [poisoned by a scorpion]
  3515 | D:5      | Reached skill level 4 in Fighting
  3515 | D:5      | HP: 11/48 [poisoned by a scorpion]
  3523 | D:5      | HP: 10/48 [poisoned by a scorpion]
  3992 | D:4      | Found a shadowy altar of Dithmenos.
  3992 | D:4      | Noticed a sky beast
  4045 | D:4      | Found a glowing silver altar of Zin.
  4128 | D:4      | Found a sparkling altar of Nemelex Xobeh.
  4456 | D:4      | Gained mutation: You have large cloven feet. [demonic ancestry]
  4456 | D:4      | Reached XP level 7. HP: 54/54 MP: 7/7
  4490 | D:4      | HP: 11/54 [something (5)]
  4688 | D:4      | HP: 7/54 [ogre/giant club (18)]
  4940 | D:4      | Noticed Blork the orc
  4950 | D:4      | Killed Blork the orc
  4950 | D:4      | Reached skill level 6 in Axes
  5303 | D:5      | Found an opulent altar of Gozag.
  5383 | D:5      | HP: 19/82 [killer bee (3)]
  5388 | D:5      | HP: 12/82 [poisoned by a killer bee]
  5393 | D:5      | HP: 8/55 [poisoned by a killer bee]
  5398 | D:5      | HP: 5/55 [poisoned by a killer bee]
  5403 | D:5      | HP: 3/55 [poisoned by a killer bee]
  5411 | D:5      | HP: 2/55 [poisoned by a killer bee]
  5814 | D:5      | HP: 12/55 [poisoned by a killer bee]
  5815 | D:5      | HP: 4/55 [killer bee (6)]
  5817 | D:5      | Reached skill level 5 in Dodging
  5817 | D:5      | Gained mutation: A meltable icy envelope protects you from harm. (AC +10) [demonic ancestry]
  5817 | D:5      | Reached XP level 8. HP: 3/61 MP: 8/8
  5817 | D:5      | HP: 1/61 [poisoned by a killer bee]
  5818 | D:5      | Reached skill level 5 in Fighting
  5819 | D:5      | Succumbed to a killer bee's poison

Skill      XL: |  1  2  3  4  5  6  7  8 |
---------------+-------------------------+-----
Throwing       | 2 |  2.0
Axes           | 3 4 5 6 |  6.6
Dodging        | 3 4 5 |  5.0
Fighting       | 3 4 5 |  5.0

Action                   |  1- 3 |  4- 6 |  7- 9 || total
-------------------------+-------+-------+-------++-------
Melee: War axe           |   116 |   275 |    96 ||   487
Throw: Throwing net      |       |       |     4 ||     4
  Use: Scroll            |       |     9 |       ||     9
       Potion            |       |       |     2 ||     2
 Stab: Sleeping          |       |       |     1 ||     1
  Eat: Chunk             |       |     7 |       ||     7
       Ration            |       |     2 |     1 ||     3
Armor: Leather armour    |    48 |    84 |    24 ||   156
Dodge: Dodged            |   128 |   208 |    56 ||   392
Block: Other             |       |     7 |    36 ||    43
       Reflection        |       |     1 |     1 ||     2

Vault maps used:
D:1:      mushboom_english_gardens, nrook_uturn
D:2:      first_ration
D:3:      nicolae_tso_swordbearing_angel, fedhas_altar_3
D:4:      zin_statuary, grunt_dithmenos_smoke_and_mirrors,
          nemelex_spade_bored_becter, uniq_blork_the_orc
D:5:      grunt_decor_one_mirror, grunt_gozag_statues, uniq_crazy_yiuf_cottage

Table legend:
 A = Turns spent in this place as a percentage of turns spent in the entire game.
 B = Non-inter-level travel turns spent in this place as a percentage of non-inter-level travel turns spent in the entire game.
 C = Inter-level travel turns spent in this place as a percentage of turns spent in this place.
 D = Turns resting spent in this place as a percentage of non-inter-level travel turns spent in this place.
 E = Turns spent auto-exploring this place as a percentage of non-inter-level travel turns spent in this place.
 F = Non-inter-level travel turns spent in this place divided by the number of levels of this place that you've seen.
                   A       B       C       D       E      F
               +-------+-------+-------+-------+-------+----------------------
         Total | 100.0 | 100.0 |   2.4 |  26.8 |  38.9 | 1135.8
       Dungeon | 100.0 | 100.0 |   2.4 |  26.8 |  38.9 | 1135.8
               +-------+-------+-------+-------+-------+----------------------

Table legend:
 A = Kills in this place as a percentage of kills in entire the game.
 B = Kills by you in this place as a percentage of kills by you in the entire game.
 C = Kills by friends in this place as a percentage of kills by friends in the entire game.
 D = Other kills in this place as a percentage of other kills in the entire game.
 E = Experience gained in this place as a percentage of experience gained in the entire game.
 F = Experience gained in this place divided by the number of levels of this place that you have seen.
                   A       B       C       D       E      F
               +-------+-------+-------+-------+-------+----------------------
         Total | 100.0 | 100.0 |   N/A |   N/A | 100.0 | 305.2
       Dungeon | 100.0 | 100.0 |   N/A |   N/A | 100.0 | 305.2
               +-------+-------+-------+-------+-------+----------------------
